AoeStats
← Pauliii

MegaRandom

505488657Analyzed
1v1 RM · 24d ago on Sep 9, 2026· 33m 52s· 2 players
Game mode
Random Map
Map size
Tiny (2 player)
Population
200
Speed
Normal
Resources
Standard
Victory
Conquest
Starting age
Dark Age
Ending age
Imperial Age
RankedLock teamsTeams togetherTeam positionsShared explorationLock speedFull tech treeHidden civsTurbo modeCheats
Victory
Defeat
🇨🇱 Poles · Chile
1819
+18
🇩🇪 Celts · Germany
1854
-18
Burak
1:53 Loom
9:46 Feudal Age
10:49 Double-Bit Axe
11:12 Horse Collar
16:26 Castle Age
15:01 Scale Barding Armor
15:07 Forging
15:38 Bloodlines
15:28 Stone Mining
16:28 Light Cavalry
17:09 Husbandry
17:27 Heavy Plow
20:00 Chain Barding Armor
20:16 Szlachta Privileges
22:04 Scale Mail Armor
22:23 Gold Mining
23:37 Chain Mail Armor
27:10 Imperial Age
27:56 Iron Casting
27:12 Fletching
27:22 Cavalier
29:13 Chemistry
28:47 Crop Rotation
29:03 Elite Obuch
31:53 Blast Furnace
31:21 Squires
31:07 Arson
32:41 Wheelbarrow
33:10 Plate Mail Armor
33:02 Bodkin Arrow
Pauliii
0:45 Loom
10:55 Feudal Age
14:37 Castle Age
13:15 Wheelbarrow
12:26 Town Watch
12:28 Double-Bit Axe
18:40 Imperial Age
16:54 Forging
17:43 Scale Mail Armor
18:19 Iron Casting
17:20 Pikeman
18:55 Halberdier
20:52 Conscription
22:37 Chain Mail Armor
23:16 Fletching
23:34 Horse Collar
24:15 Bow Saw
24:26 Heavy Plow
26:14 Elite Woad Raider
Connection lost

Rejoining the realm…

Still unreachable

The connection could not be restored.

Session expired

The server has moved on; the page needs a fresh start.